 Dungeon Crawl Stone Soup version 0.23-a0-8-gb809bb70e4 (webtiles) character file.

1238 IcyTea the Basher (level 8, -5/74 HPs)
             Began as a Troll Berserker on Aug 1, 2018.
             Was an Elder of Trog.
             Killed from afar by an electric eel (12 damage)
             ... with a bolt of electricity
             ... on level 6 of the Dungeon.
             The game lasted 00:13:09 (4538 turns).

IcyTea the Basher (Troll Berserker)                 Turns: 4538, Time: 00:13:10

Health: -5/74      AC:  9    Str: 26    XL:     8   Next: 25%
Magic:  7/7        EV: 10    Int:  3    God:    Trog [****..]
Gold:   301        SH:  0    Dex:  9    Spells: 7/7 levels left

rFire    . . .     SeeInvis .   n - +3 whip (elec)
rCold    . . .     Gourm    +   (no shield)
rNeg     . . .     Faith    .   l - +0 robe {MR+}
rPois    +         Spirit   .   (helmet restricted)
rElec    .         Reflect  .   (no cloak)
rCorr    .         Harm     .   (gloves unavailable)
MR       +....                  (boots unavailable)
Stlth    +.........             (no amulet)
HPRegen  0.62/turn              h - ring of poison resistance
MPRegen  0.10/turn              (no ring)

@: no status effects
A: large, unfitting armour, claws 3, iridescent scales 1, thin metallic scales
1, clumsy 1, fast metabolism 3, gourmand, regeneration 1, shaggy fur 1, tough
skin 2, wild magic 1
a: Berserk, Trog's Hand, Brothers in Arms, Renounce Religion


You were on level 6 of the Dungeon.
You worshipped Trog.
Trog was greatly pleased with you.
You were very hungry.

You visited 1 branch of the dungeon, and saw 6 of its levels.

You collected 301 gold pieces.

Inventory:

Hand Weapons
 g - a +0 giant club
 n - a +3 whip of electrocution (weapon)
Armour
 l - a +0 robe of magic resistance (worn)
Jewellery
 h - a ring of poison resistance (left claw)
Wands
 j - a wand of random effects (26)
Scrolls
 d - 9 scrolls of identify
 f - 2 scrolls of remove curse
 k - a scroll of teleportation
 p - a scroll of blinking
Potions
 a - a potion of heal wounds
 b - a potion of flight
 e - a potion of curing
 i - a potion of haste
 m - a potion of ambrosia
 o - a potion of lignification
Comestibles
 c - 8 rations


   Skills:
 - Level 2.4 Fighting
 + Level 9.5 Maces & Flails
 - Level 2.4 Dodging


You had 7 spell levels left.
You didn't know any spells.
Your spell library was empty.

Dungeon Overview and Level Annotations

Branches:
Dungeon (6/15)
 Temple: D:4-7

Altars:
Kikubaaqudgha


Innate Abilities, Weirdness & Mutations

You are too large for most types of armour.
You have claws for hands.
Your metabolism is lightning-fast.
You like to eat raw meat.
Your natural rate of healing is unusually fast.
You are covered in fur. (AC +1)
You have very tough skin. (AC +2)
You are partially covered in iridescent scales. (AC +2)
You are partially covered in thin metallic scales. (AC +2)
You are clumsy. (Dex -2)
Your spells are a little harder to cast, but a little more powerful.


Message History

The electric eel shoots out a bolt of lightning at you!
The bolt of electricity hits you!
You closely miss the leopard gecko. The leopard gecko barely misses you.
You barely miss the leopard gecko. The leopard gecko bites you.
You hit the leopard gecko.
Lightning courses through the leopard gecko!
You kill the leopard gecko!
Trog accepts your kill.
The electric eel shoots out a bolt of lightning at you!
The bolt of electricity hits you!
The electric eel shoots out a bolt of lightning at you!
The bolt of electricity hits you!
* * * LOW HITPOINT WARNING * * *
You are feeling very hungry.
The electric eel shoots out a bolt of lightning at you!
The bolt of electricity hits you!
* * * LOW HITPOINT WARNING * * *
The electric eel shoots out a bolt of lightning at you!
The bolt of electricity hits you!
You die...

....... #......
.......#........#
..≈.P......≈P.≈...
≈≈≈≈≈..≈..≈≈≈≈≈≈≈..
≈≈≈≈≈P≈≈≈≈≈≈≈≈≈≈≈≈≈≈
≈≈≈≈≈≈≈≈≈≈≈≈≈≈≈≈≈≈≈P≈
≈≈≈≈≈≈≈≈;≈≈P≈≈≈≈≈≈≈≈≈
.≈..≈.≈@≈≈.≈≈≈≈P≈≈≈≈≈
.............≈≈≈≈≈≈≈≈
.#.#.##..#....≈...≈P≈
.........))....≈.PP
#.#...#.#..)........
............)........
.#.###.#.#.#<........
# #.#.#.#.......!# #
#.#.#%######.#


You could see an electric eel.

Vanquished Creatures
  An ice beast (D:6)
  A sky beast (D:5)
  3 ogres
  Blork the orc (D:4)
  A scorpion (D:5)
  2 vampire bats (D:4)
  A crimson imp (D:5)
  A hound (D:5)
  A jelly (D:6)
  A gnoll shaman (D:4)
  An orc priest (D:3)
  An orc wizard (D:4)
  A centaur skeleton (D:4)
  Terence (D:2)
  A hound zombie (D:5)
  A howler monkey zombie (D:5)
  Robin (D:2)
  4 adders
  10 gnolls
  A shadow imp (D:5)
  An ooze (D:4)
  4 worms
  2 dart slugs
  4 leopard geckos
  22 orcs
  4 bat skeletons (D:4)
  2 bat zombies (D:4)
  7 giant cockroaches
  20 goblins
  10 hobgoblins
  23 jackals
  A quokka (D:2)
  A ball python (D:3)
  8 bats
  8 frilled lizards
  5 kobolds
  9 rats
166 creatures vanquished.

Vanquished Creatures (others)
  An orc (D:6)
1 creature vanquished.

Grand Total: 167 creatures vanquished

Notes
Turn   | Place    | Note
-------+----------+-------------------------------------------
     0 | D:1      | IcyTea the Troll Berserker began the quest for the Orb.
     0 | D:1      | Reached XP level 1. HP: 22/22 MP: 0/0
   110 | D:1      | Reached skill level 3 in Maces & Flails
   227 | D:1      | Reached XP level 2. HP: 27/29 MP: 1/1
   930 | D:2      | Reached XP level 3. HP: 35/36 MP: 2/2
   960 | D:2      | Noticed Robin
   978 | D:2      | Killed Robin
   978 | D:2      | Reached skill level 4 in Maces & Flails
   980 | D:2      | Reached ** piety under Trog
  1193 | D:2      | Reached XP level 4. HP: 38/44 MP: 3/3
  1515 | D:2      | Noticed Terence
  1521 | D:2      | Killed Terence
  1521 | D:2      | Reached skill level 5 in Maces & Flails
  1904 | D:3      | Reached XP level 5. HP: 50/50 MP: 4/4
  2072 | D:3      | Gained mutation: You are partially covered in iridescent scales. (AC +2) [potion of mutation]
  2072 | D:3      | Gained mutation: Your flesh is cold resistant. (rC+) [potion of mutation]
  2072 | D:3      | Gained mutation: You are resistant to hostile enchantments. (MR+) [potion of mutation]
  2321 | D:3      | Lost mutation: You are resistant to hostile enchantments. (MR+) [potion of mutation]
  2321 | D:3      | Lost mutation: Your flesh is cold resistant. (rC+) [potion of mutation]
  2321 | D:3      | Gained mutation: You are partially covered in thin metallic scales. (AC +2) [potion of mutation]
  2321 | D:3      | Gained mutation: You are clumsy. (Dex -2) [potion of mutation]
  2321 | D:3      | Gained mutation: Your spells are a little harder to cast, but a little more powerful. [potion of mutation]
  2327 | D:3      | Noticed an ogre
  2343 | D:3      | Killed an ogre
  2343 | D:3      | Reached *** piety under Trog
  2343 | D:3      | Reached skill level 6 in Maces & Flails
  2453 | D:3      | Reached XP level 6. HP: 52/59 MP: 5/5
  2789 | D:4      | Reached **** piety under Trog
  2817 | D:4      | Noticed Blork the orc
  2858 | D:4      | Killed Blork the orc
  2858 | D:4      | Reached skill level 7 in Maces & Flails
  2933 | D:4      | Reached XP level 7. HP: 66/66 MP: 6/6
  3350 | D:4      | Reached skill level 8 in Maces & Flails
  3701 | D:4      | Found an ancient bone altar of Kikubaaqudgha.
  3906 | D:5      | Entered Level 5 of the Dungeon
  4098 | D:5      | Reached skill level 9 in Maces & Flails
  4098 | D:5      | Reached XP level 8. HP: 53/74 MP: 7/7
  4538 | D:6      | Killed from afar by an electric eel

Vault maps used:
D:1:      sevenhm_arrival_forest_fort_small_3, hangedman_decor_peaks_small,
          roderic_three_in_a_row
D:2:      guppyfry_early_orc_mine, uniq_terence, uniq_robin
D:3:      minmay_ogre_servants
D:4:      kennysheep_vampire_church, first_ration, uniq_blork_the_orc
D:6:      kennysheep_little_box, minmay_temple_entry_glass,
          portal_sewer_entry_b, wad_floor_pattern_untrapped, chequers_big_river,
          kennysheep_boxes

Skill      XL: |  1  2  3  4  5  6  7 |
---------------+----------------------+-----
Maces & Flails | 3 4 5 6 7 9 |  9.5
Fighting       | |  2.4
Dodging        | |  2.4

Action                   |  1- 3 |  4- 6 |  7- 9 || total
-------------------------+-------+-------+-------++-------
Melee: Mace              |   148 |    17 |       ||   165
       Whip              |       |   211 |   155 ||   366
Invok: Berserk           |       |     1 |       ||     1
       Trog's Hand       |       |     1 |       ||     1
  Use: Scroll            |       |     9 |     1 ||    10
       Potion            |       |    10 |     1 ||    11
 Stab: Sleeping          |     1 |       |       ||     1
  Eat: Chunk             |    17 |    16 |     6 ||    39
Armor: Animal skin       |    80 |    97 |       ||   177
       Robe              |       |       |    86 ||    86
Dodge: Dodged            |   104 |   111 |    65 ||   280

Table legend:
 A = Spawn XP
 B = Non-spawn XP
 C = Spawn XP percentage of total XP
 D = Spawn monster count
 E = Non-spawn monster count
 F = Spawn count percentage of total count
 G = Total turns spent on level
                    A         B        C        D         E        F      G
               +---------+---------+-------+---------+---------+-------+---------
         Total |       0 |    1769 |   0.0 |       0 |     166 |   0.0 |  4538
               +---------+---------+-------+---------+---------+-------+---------
           D:1 |       0 |      37 |   0.0 |       0 |      25 |   0.0 |   917
           D:2 |       0 |     135 |   0.0 |       0 |      35 |   0.0 |   958
           D:3 |       0 |     309 |   0.0 |       0 |      52 |   0.0 |   891
           D:4 |       0 |     702 |   0.0 |       0 |      32 |   0.0 |  1140
           D:5 |       0 |     399 |   0.0 |       0 |      16 |   0.0 |   600
           D:6 |       0 |     187 |   0.0 |       0 |       6 |   0.0 |    32
               +---------+---------+-------+---------+---------+-------+---------
